 Dungeon Crawl Stone Soup version 0.32-a0-675-gdc239d6 (webtiles) character file.

Game seed: 16899847678726307286

102 staltz the Ruffian (level 5, -3/55 HPs)
             Began as a Djinni Shapeshifter on Mar 9, 2024.
             Slain by a gnoll
             ... wielding a +2 antimagic spear
              (6 damage)
             ... on level 3 of the Dungeon on Mar 11, 2024.
             The game lasted 00:06:38 (2122 turns).

staltz the Ruffian (Djinni Shapeshifter)            Turns: 2122, Time: 00:06:39

Health: -3/55      AC: 22    Str: 15    XL:     5   Next: 6%
Gold:   109        EV:  2    Int: 17    God:
                   SH:  0    Dex: 13

rFire   . .          .
                       - Unarmed
rCold   . . .        (no shield)
rNeg    . . .        b - melded +0 leather armour
rPois   ∞            (helmet currently unavailable)
rElec   .            (cloak currently unavailable)
rCorr   .            (gloves currently unavailable)
SInv    .            (boots unavailable)
Will    +....        (no amulet)
Stlth   +            m - ring of willpower
HPRegen 0.29/turn    q - +6 ring of intelligence
MPRegen 0.00/turn

%: infuse magic (-4 HP)
@: tree-form
A: stationary, stasis, torment immunity, boosted hp, sickness immunity, (fire
resistance 2), (cold vulnerability 1), float, innate caster, HP casting, extra
vitality 1
a: no special abilities


You were on level 3 of the Dungeon.
You were a tree.
You visited 1 branch of the dungeon, and saw 3 of its levels.

You collected 109 gold pieces.

Inventory:

Missiles
 o - 4 boomerangs (quivered)
Armour
 a - a +0 animal skin
 b - a +0 leather armour (melded)
 p - a +0 leather armour
Jewellery
 m - a ring of willpower (left branch)
 q - a +6 ring of intelligence (right branch)
Talismans
 c - a beast talisman (active)
 d - a flux talisman
Scrolls
 f - a scroll of revelation {unknown}
 j - a scroll of identify {unknown}
 l - 3 scrolls of brand weapon {unknown}
 n - a scroll of fear {unknown}
Potions
 e - 2 potions of curing {unknown}
 g - a potion of might {unknown}
 h - 3 potions of lignification
 i - a potion of heal wounds {unknown}
 k - a potion of cancellation {unknown}


   Skills:
 + Level 1.3 Fighting
 + Level 2.6 Dodging
 + Level 0.4 Stealth
 + Level 4.2 Unarmed Combat
 + Level 3.2 Shapeshifting


You knew the following spells:

 Your Spells              Type           Power      Damage    Failure   Level
a - Necrotise             Necr           0%         1d4       24%         1
b - Searing Ray           Conj           0%         2d4       34%         2
Your spell library was empty.

Dungeon Overview and Level Annotations

Branches:
Dungeon (3/15)

Altars:

Shops:
D:3 [


Innate Abilities, Weirdness & Mutations

You are a tree.
Your roots penetrate the ground, keeping you stationary.
You cannot be teleported.
You are immune to unholy pain and torment.
Your maximum health is greatly increased.
Your equipment is partially melded.
You are immune to sickness and miasma.
You are immune to poison.
((Your flesh is very heat resistant. (rF++)))
((You are vulnerable to cold. (rC-)))
You float through the air rather than walking.
You learn spells naturally, not from books.
Your magical power is your life essence.
You have superior vitality. (+4 MHP)


Message History

Press: ? - help, Q - select action, (/) - cycle Shift-Dir - straight line, f/p - gnoll
Aim: a gnoll, wielding a +2 antimagic spear (56% to hit)
You throw a boomerang.
The boomerang hits the gnoll and shatters for extra damage.
The gnoll is moderately wounded.
The gnoll hits you but does no damage.
Throw: 5 boomerangs
Press: ? - help, Q - select action, (/) - cycle Shift-Dir - straight line, f/p - gnoll
Aim: a gnoll, wielding a +2 antimagic spear (moderately wounded, 56% to hit)
You throw a boomerang. The boomerang closely misses the gnoll.
The gnoll hits you but does no damage.
Unknown command.
Throw: 5 boomerangs
Press: ? - help, Q - select action, (/) - cycle Shift-Dir - straight line, f/p - gnoll
Aim: a gnoll, wielding a +2 antimagic spear (moderately wounded, 56% to hit)
You throw a boomerang. The boomerang barely misses the gnoll.
The gnoll hits you from afar with a +2 antimagic spear.
* * * LOW HITPOINT WARNING * * *
The gnoll hits you but does no damage.
Throw: 5 boomerangs
Press: ? - help, Q - select action, (/) - cycle Shift-Dir - straight line, f/p - gnoll
Aim: a gnoll, wielding a +2 antimagic spear (moderately wounded, 56% to hit)
You throw a boomerang.
The boomerang hits the gnoll and shatters, but does no damage.
The gnoll is moderately wounded.
The gnoll hits you but does no damage.
Throw: 4 boomerangs
Press: ? - help, Q - select action, (/) - cycle Shift-Dir - straight line, f/p - gnoll
Aim: a gnoll, wielding a +2 antimagic spear (moderately wounded, 56% to hit)
You throw a boomerang. The boomerang hits the gnoll.
The gnoll is severely wounded.
The gnoll hits you from afar with a +2 antimagic spear!
* * * LOW HITPOINT WARNING * * *
Throw: 4 boomerangs
Press: ? - help, Q - select action, (/) - cycle Shift-Dir - straight line, f/p - gnoll
Aim: a gnoll, wielding a +2 antimagic spear (severely wounded, 56% to hit)
You throw a boomerang. The boomerang hits the gnoll.
The gnoll is almost dead.
The gnoll hits you from afar with a +2 antimagic spear.
You die...

#!# #### #.# #..# #.#
#..#### #.#
##....#### #.#
#..#....## #.###
##)####..###...#####.
#.#####....♣).......
#...# #######g####.#
###.# ... .. #
#.####### ...# .# .#.
#.#..g... #..# .# #..
#...# #..#.#...
########..# #...#.#
#........#######
#....#
.###.<........# #...#


You could see a gnoll.

Vanquished Creatures
  3 gnolls
  2 adders (D:2)
  2 dart slugs
  2 ribbon worms (D:2)
  A bat (D:1)
  2 endoplasms
  2 giant cockroaches
  6 goblins
  5 hobgoblins
  5 quokkas
  8 ball pythons
  A frilled lizard (D:2)
  2 kobolds
  8 rats
49 creatures vanquished.

Notes
Turn   | Place    | Note
-------+----------+-------------------------------------------
     0 | D:1      | staltz the Djinni Shapeshifter began the quest for the Orb.
     0 | D:1      | Reached XP level 1. HP: 17/17 MP: 0/0
    76 | D:1      | Found a faded altar of an unknown god.
   106 | D:1      | Reached XP level 2. HP: 22/22 MP: 0/0
   338 | D:1      | Reached XP level 3. HP: 8/27 MP: 0/0
   338 | D:1      | Learned a level 1 spell: Necrotise
  1343 | D:2      | Reached XP level 4. HP: 31/32 MP: 0/0
  1513 | D:2      | Reached skill level 4 in Unarmed Combat
  1960 | D:3      | Found Zukluogg's Antique Armour Shoppe.
  2000 | D:3      | Upgraded the game from 0.32-a0-664-gf59354a to
                  | 0.32-a0-665-g3d30ec2
  2009 | D:3      | Upgraded the game from 0.32-a0-665-g3d30ec2 to
                  | 0.32-a0-675-gdc239d6
  2115 | D:3      | Reached XP level 5. HP: 10/37 MP: 0/0
  2115 | D:3      | Learned a level 2 spell: Searing Ray
  2122 | D:3      | Slain by a gnoll

Illustrated notes

Levels and vault maps discovered:
D:1:      spicycebolla_arrival_xxxplode, layout_loops_ring,
          hellmonk_ecumenical_altar_zigzags
D:2:      kb_forest_paths, layout_basic, minmay_between
D:3:      wander_river, layout_rooms, serial_shops, shop, minmay_misc_feat_tiny

Skill      XL: |  1  2  3  4 |
---------------+-------------+-----
Shapeshifting  | 3 |  3.2
Unarmed Combat | 4 |  4.2
Fighting       | |  1.3
Dodging        | |  2.6
Stealth        | |  0.4

Action                     |  1- 3 |  4- 6 || total
---------------------------+-------+-------++-------
  Melee: Unarmed           |    87 |    71 ||   158
         Punch             |     2 |     2 ||     4
  Throw: Boomerang         |       |     8 ||     8
    Use: Potion            |     1 |     1 ||     2
   Stab: Sleeping          |     1 |       ||     1
 Armour: Animal skin       |    48 |    22 ||    70
         Skin              |     2 |    13 ||    15
         Leather armour    |       |     8 ||     8
  Dodge: Dodged            |    57 |    34 ||    91

Table legend: (Time is in decaauts)
 A = Elapsed time spent in this place.
 B = Non-inter-level travel time spent in this place.
 C = Inter-level travel time spent in this place.
 D = Time resting spent in this place.
 E = Time spent auto-exploring this place.
 F = Levels seen in this place.
 G = Mean time per level.
                   A        B        C        D        E       F      G
               +--------+--------+--------+--------+--------+-----+--------+
         Total |   2112 |   2066 |     46 |    228 |   1365 |   3 |  704.0 |
       Dungeon |   2112 |   2066 |     46 |    228 |   1365 |   3 |  704.0 |
               +--------+--------+--------+--------+--------+-----+--------+

Top non-repeatable levels by time:
     D:2: 997 daAuts
     D:1: 949 daAuts
     D:3: 166 daAuts
